 Dungeon Crawl Stone Soup version 0.26.1-11-gd32895ea62 (webtiles) character file.

Game seed: 17837624109785698272

19815 Sopht the Carver (level 12, -3/77 HPs)
             Began as a Tengu Berserker on July 20, 2021.
             Was a Priest of Trog.
             Slain by a five-headed hydra (7 damage)
             ... on level 1 of the Lair of Beasts on July 21, 2021.
             The game lasted 01:57:15 (14227 turns).

Sopht the Carver (Tengu Berserker)                 Turns: 14227, Time: 01:57:19

Health: -3/77      AC: 10    Str: 23    XL:     12   Next: 73%
Magic:  13/13      EV: 19    Int:  7    God:    Trog [***...]
Gold:   466        SH:  4    Dex: 14    Spells: 11/11 levels left

rFire    . . .     SeeInvis .   B - +5 scimitar (vorpal)
rCold    + . .     Faith    .   G - +0 buckler
rNeg     . . .     Spirit   .   A - +2 ring mail
rPois    +         Reflect  .   (helmet restricted)
rElec    .         Harm     .   z - +0 cloak
rCorr    .         Rampage  .   (no gloves)
Will     ++...                  (boots unavailable)
Stlth    ++........             (no amulet)
HPRegen  1.22/turn              j - ring of poison resistance
MPRegen  0.13/turn              a - ring of protection from cold

@: berserk cooldown, flying quickly and evasively, regenerating, slowed, very
slow
A: beak, talons 3, able to fly
a: Stop Flying, Renounce Religion, Berserk, Trog's Hand


You were on level 1 of the Lair of Beasts.
You worshipped Trog.
Trog was most pleased with you.
You visited 2 branches of the dungeon, and saw 13 of its levels.

You collected 892 gold pieces.
You spent 426 gold pieces at shops.

Inventory:

Hand Weapons
 b - a +4 flail
 s - a +4 war axe
 u - a +1 trident of flaming
 B - a +5 vorpal scimitar (weapon)
 D - a +2 scimitar of flaming
 I - a +0 war axe of electrocution
 J - a +1 falchion of holy wrath
Missiles
 h - 57 poisoned darts
 t - 3 silver boomerangs
 y - 8 atropa-tipped darts
Armour
 z - a +0 cloak (worn)
 A - a +2 ring mail (worn)
 G - a +0 buckler (worn)
 P - the +1 pair of boots of Twilight {rElec Dex+2, unknown}
   (You found it on level 1 of the Lair of Beasts)

   It affects your dexterity (+2).
   It insulates you from electricity.
Jewellery
 a - a ring of protection from cold (right hand)
 j - a ring of poison resistance (left hand)
 x - an uncursed ring of protection from fire
 Q - an uncursed ring of ice
Wands
 r - a wand of paralysis (15)
 H - a wand of polymorph (17)
 K - a wand of iceblast (2)
 L - a wand of acid (2) (quivered)
Scrolls
 c - 5 scrolls of magic mapping
 d - 4 scrolls of immolation
 f - a scroll of enchant weapon
 g - a scroll of teleportation
 i - 3 scrolls of identify
 k - a scroll of noise {unknown}
 n - 9 scrolls of remove curse
 p - a scroll of fog
 C - a scroll of fear
 M - a scroll of summoning {unknown}
 O - a scroll of enchant armour
Potions
 e - 5 potions of attraction {unknown}
 l - 3 potions of haste
 m - 3 potions of flight {unknown}
 o - 3 potions of magic {unknown}
 q - 5 potions of curing {unknown}
 v - 2 potions of might {unknown}
 w - 3 potions of lignification {unknown}
 E - 4 potions of resistance
 F - a potion of mutation {unknown}
 N - a potion of berserk rage {unknown}


   Skills:
 + Level 9.8 Fighting
 + Level 14.7 Long Blades
 + Level 3.8 Throwing
 + Level 8.6 Armour
 + Level 8.4 Dodging
 + Level 4.9 Stealth
 + Level 1.8 Shields
 + Level 1.6 Evocations


You had 11 spell levels left.
You didn't know any spells.
Your spell library was empty.

Dungeon Overview and Level Annotations

Branches:
Dungeon (12/15)            Temple (0/1) D:4            Lair (1/6) D:10
    Orc (0/2) D:12

Altars:
Fedhas
Makhleb
Nemelex Xobeh
Okawaru
Qazlal
Trog
Wu Jian
Zin
The Shining One

Shops:
D:7 *

Portals:
Trove: D:12 (give 13 potions of heal wounds)

Annotations:
D:5 2 transporters


Innate Abilities, Weirdness & Mutations

You have a beak for a mouth.
You have claws for feet.
You can fly continuously.


Message History

The nine-headed hydra barely misses you.
The nine-headed hydra bites you.
* * * LOW HITPOINT WARNING * * *
You chop one of the nine-headed hydra's heads off!
The eight-headed hydra grows two more!
You slice the ten-headed hydra!! You claw the ten-headed hydra.
You kill the ten-headed hydra!
Trog accepts your kill.
You feel a strong urge to attack something.
You feel your anger nearly subside.
You are no longer berserk.
You are exhausted.
You feel yourself slow down.
There is a stone staircase leading down here.
The five-headed hydra bites you!
* * * LOW HITPOINT WARNING * * *
The five-headed hydra bites you.
* * * LOW HITPOINT WARNING * * *
The five-headed hydra closely misses you.
The five-headed hydra misses you. The five-headed hydra bites you!
You die...

.## ###
#........#..†###.#
..# ####
#......#........###
.## ###..#
#.................#
.# #...##
###.##...........##
.## #..####
###...##........# .P#
#.....#
#...###.♣..##...# .##
##....## ##...#
#...## #..# .#
##....####...## .....
... .##
##....##.@.♣.##..>..#
.> #.##
#........D.###.....#
...##
###........####...##
.)..## ##....#....# #
#....##
#######..†##...#
......## ##........
.......###
#...........
..#P.#)..#
#...##......
####.....######...#
##...#


You could see a five-headed hydra.

Vanquished Creatures
  Erolcha (D:9)
  Fannar (Lair:1)
  2 hydras (Lair:1)
  Erica (D:9)
  2 two-headed ogres
  3 death yaks (D:10)
  A manticore (D:12)
  Joseph (D:9)
  A kobold demonologist (D:12)
  3 komodo dragons (Lair:1)
  A rime drake (Lair:1)
  3 trolls
  A polar bear (Lair:1)
  Prince Ribbit (D:5)
  A hornet (D:8)
  A spriggan (Lair:1)
  A shadow (D:12)
  13 yaks (D:12)
  Grum (Lair:1)
  2 water moccasins
  7 orc warriors
  A black bear (D:11)
  2 sky beasts
  6 ogres
  4 phantoms
  3 ice beasts
  6 centaurs
  2 necrophages
  3 wolves (Lair:1)
  Blork the orc (D:5)
  4 big kobolds (D:12)
  5 bullfrogs
  3 gnoll sergeants
  3 scorpions
  A wyvern skeleton (D:9)
  7 killer bees
  13 wights
  5 howler monkeys
  A bullfrog zombie (D:10)
  3 centaur zombies
  3 quasits
  6 orc priests
  3 centaur skeletons
  2 jellies
  A gnoll shaman (D:8)
  2 hounds
  Crazy Yiuf (D:5)
  2 bullfrog skeletons
  6 orc wizards
  Jessica (D:3)
  5 hell rats (D:10)
  5 iguanas
  10 worker ants
  A howler monkey zombie (D:5)
  A worker ant zombie (D:7)
  21 gnolls
  A river rat (D:10)
  14 adders
  4 shadow imps
  An ufetubus (D:7)
  2 oozes
  An adder skeleton (D:6)
  An adder zombie (D:8)
  4 worms
  4 dart slugs
  6 leopard geckos
  45 orcs
  A ball python (D:6)
  6 giant cockroaches
  7 goblins
  6 hobgoblins
  8 jackals
  11 quokkas
  9 bats
  6 frilled lizards
  11 kobolds
  A leopard gecko zombie (D:5)
  A quokka skeleton (D:5)
  8 rats
349 creatures vanquished.

Vanquished Creatures (others)
  An ufetubus (D:9)
  A fungus (Lair:1)
  13 plants (Lair:1)
15 creatures vanquished.

Grand Total: 364 creatures vanquished

Notes
Turn   | Place    | Note
-------+----------+-------------------------------------------
     0 | D:1      | Sopht the Tengu Berserker began the quest for the Orb.
     0 | D:1      | Reached XP level 1. HP: 14/14 MP: 2/2
   124 | D:1      | Reached XP level 2. HP: 12/19 MP: 3/3
   830 | D:2      | Reached XP level 3. HP: 19/23 MP: 4/4
   954 | D:2      | Reached ** piety under Trog
  1093 | D:2      | Reached skill level 4 in Long Blades
  1563 | D:2      | Reached XP level 4. HP: 28/28 MP: 5/5
  1630 | D:3      | Found a faded altar of an unknown god.
  1659 | D:3      | Noticed Jessica
  1666 | D:3      | Killed Jessica
  1756 | D:3      | Gained mutation: You can fly continuously. [Tengu growth]
  1756 | D:3      | Reached XP level 5. HP: 29/33 MP: 6/6
  1843 | D:3      | Reached skill level 1 in Throwing
  1871 | D:3      | Found an iron altar of Okawaru.
  1971 | D:3      | Reached *** piety under Trog
  2190 | D:3      | Reached skill level 5 in Long Blades
  3275 | D:3      | Reached XP level 6. HP: 38/38 MP: 7/7
  3635 | D:4      | Reached skill level 1 in Stealth
  3811 | D:4      | Noticed a phantom
  3895 | D:4      | Killed a phantom
  3896 | D:4      | Reached skill level 6 in Long Blades
  3896 | D:4      | Reached XP level 7. HP: 35/43 MP: 8/8
  3911 | D:4      | Found a staircase to the Ecumenical Temple.
  4341 | D:5      | Entered Level 5 of the Dungeon
  4460 | D:5      | Noticed Prince Ribbit
  4525 | D:5      | Reached XP level 8. HP: 48/48 MP: 9/9
  4615 | D:5      | Reached skill level 7 in Long Blades
  4706 | D:5      | Noticed Blork the orc
  4712 | D:5      | Found a blossoming altar of Fedhas.
  4737 | D:5      | Killed Blork the orc
  4739 | D:5      | Reached skill level 5 in Fighting
  4838 | D:5      | Killed Prince Ribbit
  4839 | D:5      | Reached skill level 8 in Long Blades
  4907 | D:5      | Found a runed translucent door.
  4908 | D:5      | Noticed Crazy Yiuf
  4915 | D:5      | Killed Crazy Yiuf
  5043 | D:5      | Found a transporter.
  5044 | D:5      | Found a transporter.
  5385 | D:5      | Reached skill level 5 in Dodging
  5385 | D:5      | Reached XP level 9. HP: 54/54 MP: 10/10
  5886 | D:6      | Found a glowing silver altar of Zin.
  6610 | D:7      | Found a stormy altar of Qazlal.
  6830 | D:7      | Found Ycappec's Assorted Antiques.
  7111 | D:7      | Reached skill level 5 in Armour
  7420 | D:7      | Reached skill level 9 in Long Blades
  7647 | D:7      | Bought a glowing scimitar for 210 gold pieces
  7647 | D:7      | Bought a buckler for 135 gold pieces
  7647 | D:7      | Bought a dark potion for 27 gold pieces
  7647 | D:7      | Bought a fizzy ruby potion for 27 gold pieces
  7647 | D:7      | Bought a puce potion for 27 gold pieces
  7664 | D:7      | Stash of treasures dropped at Ycappec's Store.
  7764 | D:8      | Identified the cursed +1 spear of the Manifold Friars
                  | {freeze, Str+7}
  7944 | D:8      | Noticed a hornet
  7950 | D:8      | Killed a hornet
  7951 | D:8      | Reached skill level 10 in Long Blades
  7951 | D:8      | Reached XP level 10. HP: 61/61 MP: 11/11
  7964 | D:8      | Reached **** piety under Trog
  8188 | D:8      | Found an ornate altar of the Wu Jian Council.
  8189 | D:8      | Found a burning altar of Makhleb.
  8196 | D:8      | Found a glowing golden altar of the Shining One.
  8634 | D:9      | Found a sparkling altar of Nemelex Xobeh.
  8657 | D:9      | Noticed Erica
  8681 | D:9      | Killed Erica
  8753 | D:9      | Reached skill level 11 in Long Blades
  8856 | D:9      | Noticed a two-headed ogre
  8861 | D:9      | Killed a two-headed ogre
  9085 | D:9      | Noticed Joseph
  9100 | D:9      | Killed Joseph
  9127 | D:9      | Noticed Erolcha
  9407 | D:9      | Killed Erolcha
  9408 | D:9      | Reached skill level 12 in Long Blades
  9408 | D:9      | Reached XP level 11. HP: 46/67 MP: 12/12
  9555 | D:10     | Entered Level 10 of the Dungeon
  9781 | D:10     | Found a staircase to the Lair.
  9781 | D:10     | Noticed a death yak
  9782 | D:10     | Noticed a death yak
  9797 | D:10     | Noticed a death yak
  9798 | D:10     | Killed a death yak
  9803 | D:10     | Killed a death yak
  9816 | D:10     | Killed a death yak
 10213 | D:10     | Reached skill level 1 in Shields
 10226 | D:10     | Reached skill level 1 in Evocations
 10350 | D:10     | Reached skill level 13 in Long Blades
 11523 | D:12     | Noticed a two-headed ogre
 11578 | D:11     | Killed a two-headed ogre
 11935 | D:12     | Found a portal to a secret trove of treasure.
 11965 | D:12     | Dungeon 12. Treasure Trove - 13 Potions of Heal Wounds.
 12201 | D:12     | Reached XP level 12. HP: 57/75 MP: 13/13
 12207 | D:12     | Found a bloodstained altar of Trog.
 12283 | D:12     | Reached skill level 14 in Long Blades
 12335 | D:12     | Found a staircase to the Orcish Mines.
 13144 | Lair:1   | Entered Level 1 of the Lair of Beasts
 13217 | Lair:1   | Noticed Grum
 13243 | Lair:1   | Killed Grum
 13382 | Lair:1   | Found an ornate altar of the Wu Jian Council.
 13451 | Lair:1   | Noticed a six-headed hydra
 13458 | Lair:1   | Killed a nine-headed hydra
 13537 | Lair:1   | Noticed Fannar
 13538 | Lair:1   | Got a pair of brightly glowing boots
 13554 | Lair:1   | Killed Fannar
 14210 | Lair:1   | Noticed a seven-headed hydra
 14214 | Lair:1   | Noticed a five-headed hydra
 14221 | Lair:1   | Killed a ten-headed hydra
 14227 | Lair:1   | Slain by a five-headed hydra

Illustrated notes

##############################
................)............#
##################.#########.#
#.......#..# #.#
##########.#####....# #####.####
#........#.#......∩.# #.........
#........#........(.# #.###.####
#........#.....)@...####.# #.#.##
'........#............##.# #.#...
#..........#####.........# #.#.#.
'...........####.####.#..###.#.#.
#..............#.####.#......#.#.
#.......(......................#.
......##(.............#.########.
......##(.............#.# #.
......##....).........#.# #.


Turn 7664 on D:7: Stash of treasures dropped at Ycappec's Store. .....#
.....#######. ............. ............. (............ ...........###########
..........##.........## .........##..#######..## #####.####..##..@..##..##
#.###..##..###..##..# #.##..##..##∩..##..## #..##..##..#####..##
##..##..##.......## ##..##..######### ##..##.# ##....# ###### Turn 11965 on
D:12: Dungeon 12. Treasure Trove - 13 Potions of Heal Wounds.

Levels and vault maps discovered:
D:1:      onia_arrival_mini_spirals, layout_loops_ring, serial_glass,
          glass_columns_b, glass_columns_b
D:2:      layout_loops_ring
D:3:      layout_basic, lemuel_crystal_altar, chequers_ecumenical_altar_island,
          wander_ebering_terrifying_dragon_lair, uniq_jessica
D:4:      layout_basic, temple_hall
D:5:      gammafunk_steamed_eel, layout_rooms, nicolae_overflow_crystal_walls,
          uniq_prince_ribbit1, uniq_blork_the_orc, uniq_crazy_yiuf_cottage
D:6:      layout_basic, marbit_many_paths
D:7:      layout_basic, lemuel_round_altar, serial_shops, shop_coins,
          hangedman_abyss_or_decor_stagger
D:8:      layout_cave_pools, chequers_temple_overflow_statue_of_worship,
          feat_on_display
D:9:      layout_basic, basic_altar, uniq_joseph, uniq_erolcha, uniq_erica
D:10:     layout_loops_ring, dpeg_lair_monsters, small_statue_intersection
D:11:     layout_long_grid
D:12:     layout_long_grid, kennysheep_orc_monster_closet_entryway,
          trove_entry_hex_spiral, basic_altar, hangedman_abyss_or_decor_passed
Lair:1:   layout_concentric_octagons, basic_altar, wad_woods_03,
          grunt_megastairs_5, infiniplex_staircase_pool, uniq_grum, uniq_fannar

Skill      XL: |  1  2  3  4  5  6  7  8  9 10 11 12 |
---------------+-------------------------------------+-----
Long Blades    | 4 5 6 8 10 12 13 14 | 14.7
Armour         | 3 4 6 7 8 |  8.6
Throwing       | 1 2 3 |  3.8
Fighting       | 4 5 6 7 8 9 |  9.8
Dodging        | 3 5 6 7 8 |  8.4
Stealth        | 1 2 3 4 |  4.9
Shields        | 1 |  1.8
Evocations     | 1 |  1.6

Action                   |  1- 3 |  4- 6 |  7- 9 | 10-12 || total
-------------------------+-------+-------+-------+-------++-------
Melee: Falchion          |    57 |   113 |   234 |       ||   404
       Kick              |    21 |    38 |   107 |   200 ||   366
       Peck              |     9 |    29 |    70 |   115 ||   223
       Scimitar          |       |       |    31 |   465 ||   496
Throw: Dart              |    10 |    28 |     3 |       ||    41
       Boomerang         |       |       |     4 |     7 ||    11
Invok: Berserk           |     1 |     4 |    11 |    18 ||    34
       Trog's Hand       |       |     4 |    14 |    19 ||    37
 Abil: Fly               |       |     1 |       |       ||     1
Evoke: Wand              |       |       |     2 |    12 ||    14
  Use: Scroll            |     6 |     1 |    13 |     8 ||    28
       Potion            |       |       |     2 |     4 ||     6
 Stab: Sleeping          |     1 |     1 |       |     1 ||     3
       Paralysed         |       |       |       |     2 ||     2
Armor: Leather armour    |    17 |    25 |    13 |       ||    55
       Animal skin       |     1 |       |       |       ||     1
       Ring mail         |       |       |    34 |    95 ||   129
Dodge: Dodged            |    46 |   107 |   213 |   296 ||   662
Block: Buckler           |       |       |       |    48 ||    48
       Rpst.: Falchion   |    19 |    40 |    56 |       ||   115
       Scimitar          |       |       |    10 |    71 ||    81
